 Dungeon Crawl Stone Soup version 0.29.0-11-gd7f09526c8 (webtiles) character file.

Game seed: 130435634042128513

134115 Armakuni the Stormcaller (level 16, 0/111 HPs)
             Began as a Vampire Air Elementalist on Sept 5, 2022.
             Was the Champion of Vehumet.
             Constricted to death by a nagaraja (5 damage)
             ... on level 4 of the Snake Pit on Sept 6, 2022.
             The game lasted 01:39:24 (34444 turns).

Armakuni the Stormcaller (VpAE)                    Turns: 34444, Time: 01:39:24

Health: 0/111      AC: 10    Str: 17    XL:     16   Next: 61%
Magic:  5/40       EV: 12    Int: 35    God:    Vehumet [******]
Gold:   1650       SH:  8    Dex: 22    Spells: 7/38 levels left

rFire   . . .      SeeInvis +   a - +6 short sword of the Boiling Point {freeze, Str-2 Int+9}
rCold   + . .      Faith    .   T - +2 buckler
rNeg    + + +      Spirit   .   w - +2 robe of Xeab {*Slow Regen+ Str+4}
rPois   .          Reflect  .   V - +2 hood of the Assassin {Detection Stab+ Stlth++}
rElec   .          Harm     .   H - +1 cloak {rC+}
rCorr   .          Rampage  .   g - +0 pair of gloves
Will    +....                   n - +0 pair of boots
Stlth   +++++++...              M - amulet of magic regeneration
HPRegen 1.28/turn               N - ring "Yrumyteff" {Drain rN+++ MP+9 Str+4 Dex+6}
MPRegen 0.67/turn               I - +6 ring of intelligence

@: lethally poisoned (0 -> -22), healing quickly, constricted
A: alive, fangs 3, see invisible, vampiric 2
a: Exsanguinate, Renounce Religion


You were on level 4 of the Snake Pit.
You worshipped Vehumet.
Vehumet was exalted by your worship.
You visited 5 branches of the dungeon, and saw 27 of its levels.
You also visited: Ossuary and Ice Cave.

You collected 2820 gold pieces.
You spent 1170 gold pieces at shops.

Inventory:

Hand Weapons
 a - the +6 short sword of the Boiling Point (weapon) {freeze, Str-2 Int+9}
   (You found it on level 3 of the Dungeon)

   It freezes those it strikes, dealing additional cold damage.
   It can also slow down cold-blooded creatures.
   Str:       It affects your strength (-2).
   Int:       It affects your intelligence (+9).
 b - the +8 whip of Fragile Peace {freeze, rPois}
   (You found it on level 12 of the Dungeon)

   It freezes those it strikes, dealing additional cold damage.
   It can also slow down cold-blooded creatures.
   rPois:     It protects you from poison.
 q - a +9 quick blade
Armour
 g - a +0 pair of gloves (worn)
 n - a +0 pair of boots (worn)
 w - the +2 robe of Xeab (worn) {*Slow Regen+ Str+4}
   (You found it on level 5 of the Dungeon)

   Str:       It affects your strength (+4).
   Regen:     It increases your rate of health regeneration.
   *Slow:     It may slow you when you take damage.
 H - a +1 cloak of cold resistance (worn)
 T - a +2 buckler (worn)
 V - the +2 hood of the Assassin (worn) {Detection Stab+ Stlth++}
   (You found it on level 13 of the Dungeon)

   It allows the wearer to sense nearby creatures.
   It allows the wearer to make particularly effective stabbing attacks against
   helpless or unaware enemies with any weapon.
   Stlth:     It makes you much more stealthy.
Jewellery
 I - a +6 ring of intelligence (right hand)
 M - an amulet of magic regeneration (around neck)
 N - the ring "Yrumyteff" (left hand) {Drain rN+++ MP+9 Str+4 Dex+6}
   (You bought it in a shop on level 2 of the Orcish Mines)

   [ring of dexterity]

   Str:       It affects your strength (+4).
   Dex:       It affects your dexterity (+6).
   rN:        It renders you almost immune to negative energy.
   MP:        It affects your magic capacity (+9).
   Drain:     It drains your maximum health when unequipped.
 R - an amulet of regeneration
Wands
 h - a wand of acid (11)
 k - a wand of digging (18)
 p - a wand of polymorph (10)
 J - a wand of flame (13)
 K - a wand of paralysis (11)
 P - a wand of mindburst (13)
 S - a wand of iceblast (9)
Scrolls
 c - 13 scrolls of teleportation
 d - a scroll of fear
 e - 5 scrolls of enchant armour
 j - 2 scrolls of immolation
 l - a scroll of silence
 o - 10 scrolls of identify
 s - 4 scrolls of poison
 t - 3 scrolls of amnesia
 x - 2 scrolls of magic mapping
 y - 4 scrolls of vulnerability
 G - 5 scrolls of fog
 O - 6 scrolls of blinking
 Q - a scroll of noise
Potions
 f - 11 potions of curing
 i - 8 potions of might
 m - 7 potions of brilliance
 r - 11 potions of lignification
 u - 3 potions of mutation
 v - a potion of attraction {unknown}
 z - 3 potions of haste
 A - 3 potions of heal wounds
 B - 2 potions of resistance
 C - 3 potions of magic
 F - 5 potions of flight
 L - 6 potions of ambrosia
 U - a potion of cancellation
 X - 2 potions of invisibility


   Skills:
 - Level 5.9 Fighting
 - Level 7.8 Short Blades
 - Level 2.0 Armour
 - Level 5.0 Dodging
 - Level 9.0 Stealth
 - Level 4.0 Shields
 + Level 11.7 Spellcasting
 - Level 0.6 Conjurations
 - Level 14.6 Ice Magic
 - Level 20.3 Air Magic


You had 7 spell levels left.
You knew the following spells:

 Your Spells              Type           Power      Damage    Failure   Level
a - Airstrike             Air            52%        2d(8-24)  0%          4
h - Swiftness             Air            100%       N/A       0%          3
j - Freezing Cloud        Conj/Ice/Air   40%        6-21      1%          5
l - Lightning Bolt        Conj/Air       38%        1d56      1%          5
o - Ozocubu's Armour      Ice            89%        N/A       1%          3
r - Ozocubu's Refrigerat  Ice            44%        4d17      1%          7
s - Static Discharge      Conj/Air       76%        3-13/arc  1%          2
S - Sublimation of Blood  Necr           20%        N/A       4%          2

Your spell library contained the following spells:

 Spells                   Type           Power      Damage    Failure   Level
 Irradiate                Conj/Tmut      11%        3d15      17%         5
 Magic Dart               Conj           96%        1d7       1%          1
 Shock                    Conj/Air       100%       1d9       1%          1
 Scorch                   Fire           40%        2d7       1%          2
 Conjure Flame            Conj/Fire      22%        6-21      1%          3
 Dazzling Flash           Conj/Hex       44%        N/A       1%          3
 Mephitic Cloud           Conj/Pois/Air  62%        N/A       1%          3
 Beastly Appendage        Tmut           40%        N/A       2%          1
 Ignite Poison            Fire/Tmut/Pois 20%        N/A       2%          3
 Metabolic Englaciation   Hex/Ice        32%        N/A       3%          5
 Call Imp                 Summ           20%        N/A       4%          2
 Wereblood                Tmut           20%        N/A       4%          2
 Flame Wave               Conj/Fire      22%        2d8       7%          4
 Fulminant Prism          Conj/Hex       11%        3d9       7%          4
 Iskenderun's Mystic Bla  Conj/Tloc      22%        2d6       7%          4
 Sticky Flame             Conj/Fire      22%        2d4       7%          4
 Spider Form              Tmut/Pois      20%        N/A       8%          3
 Fireball                 Conj/Fire      11%        3d7       17%         5
 Lee's Rapid Deconstruct  Erth           10%        3d9*      19%         5
 Petrify                  Tmut/Erth      20%        N/A       26%         4
 Starburst                Conj/Fire      11%        6d5       63%         6
 Orb of Destruction       Conj           12%        9d7       98%         7
 Statue Form              Tmut/Erth      13%        N/A       99%         6
 Summon Cactus Giant      Summ           10%        N/A       99%         6
 Spellforged Servitor     Conj/Summ      11%        N/A       99%         7
 Summon Hydra             Summ           10%        N/A       100%        7
 Maxwell's Capacitive Co  Air            52%        ∞         1%          8
 Ignition                 Fire           10%        3d5       100%        8


Dungeon Overview and Level Annotations

Branches:
Dungeon (15/15)            Temple (1/1) D:6            Lair (5/5) D:11
 Shoals (0/4) Lair:3        Snake (4/4) Lair:3        Slime (0/5) Lair:5
    Orc (2/2) D:9             Elf (0/3) Orc:2        Vaults (0/5) D:14
 Depths (0/4) D:15        Ossuary (visited)           IceCv (visited)

Altars:
Ashenzari
Cheibriados
Dithmenos
Fedhas
Gozag
Hepliaklqana
Kikubaaqudgha
Makhleb
Nemelex Xobeh
Okawaru
Qazlal
Ru
Sif Muna
Trog
Uskayaw
Vehumet
Wu Jian
Xom
Yredelemnul
Jiyva

Shops:
Orc:2 *=*[   Snake:2 (

Portals:
Pandemonium: Orc:2

Annotations:
Lair:2 1 runed translucent door, nmsoi's ghost, journeyman DsEE
Lair:5 1 runed translucent door


Innate Abilities, Weirdness & Mutations

Your natural rate of healing is accelerated.
You have razor-sharp teeth.
You have supernaturally acute eyesight. (SInv)
You are afflicted with vampirism and can become a bat while bloodless.


Message History

Vehumet accepts your kill.
You feel your power returning.
You feel sick. The nagaraja casts a spell at you. The bolt of poison hits you!!
You are more poisoned.
Unknown command.
Casting: Ozocubu's Refrigeration (dangerous; 1% risk of failure)
Confirm with . or Enter, or press ? or * to list all spells.
The heat is drained from your surroundings.
The nagaraja is heavily wounded.
The naga ritualist is severely wounded.
The guardian serpent is almost dead.
You feel very sick.
The guardian serpent casts a spell at you.
The nagaraja blinks!
The naga ritualist blinks!
Unknown command.
Casting: Ozocubu's Refrigeration (dangerous; 1% risk of failure)
Confirm with . or Enter, or press ? or * to list all spells.
The heat is drained from your surroundings.
The nagaraja is heavily wounded.
The naga ritualist is almost dead.
You kill the guardian serpent!
Vehumet accepts your kill.
You feel your power returning.
You feel very sick.
The naga ritualist hits you but does no damage.
The naga ritualist closely misses you. You block the nagaraja's attack.
The nagaraja grabs you. The nagaraja constricts you!
Unknown command.
The nagaraja's grasp on you weakens, but your attempt to escape fails.
You feel very sick.
The naga ritualist prays to its god.
The naga ritualist begins to radiate toxic energy.
You are more poisoned.
The nagaraja casts a spell at you. The bolt of poison hits you!!!
You are more poisoned.
* * * LOW HITPOINT WARNING * * *
The nagaraja constricts you.
You die...

#######+#........####
................##..##
................#....#
................#....
................#...
................#.)#
................#†.#
................#..#
............###.@N.#
.############ #.N..#
.# #....#{ .# #....#
.# {##..## .# #### ##
. .#


You could see a nagaraja and a naga ritualist (toxic aura).

Vanquished Creatures
  Rupert (Lair:4)
  Mlioglotl (Snake:4)
  Frances (D:14)
  Gastronok (Orc:1)
  A nagaraja (Snake:3)
  Aizul (Snake:1)
  An ettin (Orc:2)
  Fannar (Orc:1)
  8 hydras
  5 vault guards (D:14)
  Erolcha (D:12)
  4 boulder beetles
  4 centaur warriors
  3 demonspawn (Orc:2)
  4 naga warriors
  2 ice dragons (D:15)
  4 two-headed ogres
  Erica (Lair:1)
  4 anacondas
  4 tengu warriors
  2 orc high priests (Orc:2)
  3 naga sharpshooters
  2 shock serpents
  A sun demon (Orc:2)
  Nergalle (Lair:3)
  2 salamander mystics
  A sixfirhy (Orc:2)
  Pikel (D:7)
  5 orc knights
  A naga ritualist (Snake:3)
  7 mana vipers
  12 orc sorcerers
  3 deep elf pyromancers
  5 cyclopes
  3 manticores
  10 ugly things
  13 salamanders
  16 elephants
  9 naga magi
  A torpor snail (Lair:2)
  4 molten gargoyles (D:11)
  13 black mambas
  A guardian serpent (Snake:4)
  11 cane toads
  A smoke demon (Orc:2)
  12 komodo dragons
  2 unseen horrors
  An orange demon (Orc:2)
  A kobold demonologist (D:12)
  A tengu conjurer (D:15)
  An efreet (D:15)
  5 trolls
  6 polar bears
  A wind drake (Lair:3)
  19 blink frogs
  A meliai (D:14)
  25 slime creatures
  Prince Ribbit (D:5)
  8 hornets
  5 dream sheep
  Sigmund (D:6)
  15 spriggans (Lair:5)
  A centaur simulacrum (D:12)
  A vampire (D:10)
  4 wyverns
  2 wraiths
  A hog (shapeshifter) (D:15)
  7 humans (D:14)
  38 yaks
  A basilisk (D:14)
  2 vampire mosquitoes (D:12)
  3 wargs
  Menkaure (D:4)
  27 nagas
  9 water moccasins
  6 acid dragons
  Duvessa (D:5)
  36 orc warriors
  4 ice beasts
  4 great orb of eyes simulacra (IceCv)
  9 ogres
  12 black bears
  5 sky beasts
  31 wolves
  3 boggarts (Lair:5)
  23 centaurs
  3 phantoms
  3 elf zombies (D:5)
  6 kobold brigands
  A lemure (D:7)
  18 bullfrogs
  A necrophage (D:7)
  2 glowing shapeshifter simulacra (IceCv)
  6 gnoll sergeants
  2 scorpions
  11 wights
  Dowan (D:5)
  16 killer bees
  2 howler monkeys (D:7)
  6 centaur zombies (D:7)
  A crimson imp (D:7)
  9 hounds
  Crazy Yiuf (D:4)
  2 gnoll boudas
  32 orc priests
  6 jellies
  8 iguanas
  A human skeleton (D:5)
  14 orc wizards
  3 shapeshifter simulacra (IceCv)
  A killer bee zombie (D:7)
  A bullfrog simulacrum (D:7)
  3 mummies (Ossuary)
  16 gnolls
  12 adders
  4 shadow imps
  14 white imps
  An ufetubus (D:7)
  2 adder zombies (Ossuary)
  3 dart slugs
  79 orcs
  7 endoplasms
  2 giant cockroaches
  10 goblins
  16 hobgoblins
  6 jackals
  23 kobolds
  4 quokkas
  4 ball pythons
  6 bats
  4 frilled lizards
  4 goblin zombies (Ossuary)
  A hobgoblin zombie (Ossuary)
  A kobold zombie (Ossuary)
  An orc skeleton (D:5)
  An orc zombie (D:5)
  7 quokka zombies (Ossuary)
  3 rats
  3 rat zombies (Ossuary)
  2 butterflies (Lair:1)
912 creatures vanquished.

Vanquished Creatures (collateral kills)
  A water moccasin (Lair:4)
1 creature vanquished.

Vanquished Creatures (others)
  An orc (D:6)
  70 fungi
  215 plants
286 creatures vanquished.

Grand Total: 1199 creatures vanquished

Notes
Turn   | Place    | Note
-------+----------+-------------------------------------------
     0 | D:1      | Armakuni the Vampire Air Elementalist began the quest for
                  | the Orb.
     0 | D:1      | Reached XP level 1. HP: 13/13 MP: 3/3
   316 | D:1      | Reached XP level 2. HP: 19/19 MP: 3/5
   494 | D:1      | Learned a level 2 spell: Static Discharge
   888 | D:2      | Reached skill level 4 in Air Magic
  1010 | D:2      | Identified the +5 sling "Zeha" {venom, rPois Str+3}
  1070 | D:2      | Found a faded altar of an unknown god.
  1154 | D:2      | Gained mutation: You are afflicted with vampirism and can
                  | become a bat while bloodless. [Vampire growth]
  1154 | D:2      | Reached XP level 3. HP: 19/24 MP: 2/6
  2172 | D:1      | Learned a level 3 spell: Swiftness
  2874 | D:3      | Reached XP level 4. HP: 25/30 MP: 2/7
  2876 | D:3      | Reached skill level 5 in Air Magic
  2989 | D:3      | Identified the +6 short sword of the Boiling Point {freeze,
                  | Str-2 Int+9}
  3414 | D:3      | Reached skill level 1 in Short Blades
  3697 | D:4      | Found a runed translucent door.
  3698 | D:4      | Noticed Crazy Yiuf
  3705 | D:4      | Killed Crazy Yiuf
  3706 | D:4      | Reached XP level 5. HP: 14/35 MP: 1/9
  3808 | D:4      | Noticed Menkaure
  3817 | D:4      | Killed Menkaure
  3818 | D:4      | Reached XP level 6. HP: 35/41 MP: 3/10
  4143 | D:4      | Reached skill level 5 in Short Blades
  4143 | D:4      | Reached skill level 1 in Fighting
  4148 | D:4      | Learned a level 4 spell: Airstrike
  4368 | D:4      | Reached XP level 7. HP: 35/51 MP: 6/11
  4581 | D:5      | Entered Level 5 of the Dungeon
  4603 | D:5      | Noticed Prince Ribbit
  4603 | D:5      | Noticed Duvessa
  4606 | D:5      | Noticed Dowan
  4611 | D:5      | Killed Duvessa
  4612 | D:5      | Reached skill level 1 in Armour
  4616 | D:5      | Killed Prince Ribbit
  4618 | D:5      | Reached skill level 5 in Dodging
  4619 | D:5      | Killed Dowan
  4620 | D:5      | Reached XP level 8. HP: 13/58 MP: 4/12
  4813 | D:5      | Reached skill level 6 in Air Magic
  4820 | D:5      | Reached skill level 7 in Air Magic
  4821 | D:5      | Identified the +2 robe of Xeab {*Slow Regen+ Str+4}
  4979 | D:5      | Found a sand-covered staircase.
  4994 | D:5      | Reached skill level 8 in Air Magic
  4999 | Ossuary  | Entered an ossuary
  5834 | D:6      | Noticed Sigmund
  5840 | D:6      | Killed Sigmund
  5841 | D:6      | Reached skill level 9 in Air Magic
  5841 | D:6      | Reached XP level 9. HP: 59/63 MP: 8/13
  6080 | D:6      | Reached skill level 10 in Air Magic
  6724 | D:6      | Found a staircase to the Ecumenical Temple.
  6733 | Temple   | Entered the Ecumenical Temple
  7230 | D:6      | Reached skill level 11 in Air Magic
  7698 | D:7      | Found a basalt altar of Yredelemnul.
  7826 | D:7      | Found a stormy altar of Qazlal.
  7852 | D:7      | Noticed Pikel
  7859 | D:7      | Killed Pikel
  7860 | D:7      | Reached skill level 12 in Air Magic
  7860 | D:7      | Reached XP level 10. HP: 60/70 MP: 3/14
  8015 | D:7      | Paralysed by a hornet for 2 turns
  8200 | D:7      | Identified the +3 great mace "Goblinbane" {drain, Fly
                  | Int+2}
  8307 | D:7      | Reached skill level 13 in Air Magic
  8550 | Temple   | Became a worshipper of Vehumet
  8606 | D:7      | Noticed a cyclops
  8620 | D:7      | Killed a cyclops
  8720 | D:7      | Reached skill level 14 in Air Magic
  8984 | D:7      | Noticed a deep elf pyromancer
  8990 | D:7      | Killed a deep elf pyromancer
  9192 | D:7      | Noticed a two-headed ogre
  9192 | D:7      | Noticed a boulder beetle
  9702 | D:7      | Reached skill level 15 in Air Magic
  9736 | D:7      | Reached XP level 11. HP: 74/75 MP: 11/15
  9874 | D:7      | Killed a two-headed ogre
  9974 | D:7      | Noticed a white ugly thing
  9977 | D:7      | Noticed an eight-headed hydra
  9995 | D:7      | Killed a white ugly thing
  9995 | D:7      | Reached * piety under Vehumet
  9995 | D:7      | Offered knowledge of Foxfire by Vehumet.
 10263 | D:8      | Noticed a two-headed ogre
 10266 | D:8      | Killed a two-headed ogre
 10600 | D:8      | Found a viscous altar of Jiyva.
 10840 | D:8      | Reached skill level 16 in Air Magic
 11104 | D:8      | Reached ** piety under Vehumet
 11104 | D:8      | Offered knowledge of Poisonous Vapours by Vehumet.
 11989 | D:9      | Offered knowledge of Ignite Poison by Vehumet.
 12002 | D:9      | Noticed a two-headed ogre
 12005 | D:9      | Killed a two-headed ogre
 12014 | D:9      | Reached *** piety under Vehumet
 12024 | D:9      | Reached skill level 17 in Air Magic
 12066 | D:9      | Found a staircase to the Orcish Mines.
 12397 | D:10     | Entered Level 10 of the Dungeon
 12532 | D:10     | Offered knowledge of Hailstorm by Vehumet.
 13401 | D:11     | Reached XP level 12. HP: 71/81 MP: 9/17
 13413 | D:11     | Found a staircase to the Lair.
 13434 | D:11     | Found a frozen archway.
 13441 | D:11     | Reached **** piety under Vehumet
 13550 | IceCv    | Entered an ice cave
 13603 | IceCv    | Offered knowledge of Yara's Violent Unravelling by Vehumet.
 13604 | IceCv    | Reached skill level 5 in Spellcasting
 14635 | IceCv    | Found a viscous altar of Jiyva.
 14636 | IceCv    | Noticed an azure jelly
 15285 | D:11     | Reached ***** piety under Vehumet
 15650 | D:7      | Killed a boulder beetle
 15749 | D:7      | Found a shimmering altar of Xom.
 15750 | D:7      | Found a burning altar of Makhleb.
 15870 | D:7      | Killed an eight-headed hydra
 15934 | D:7      | Offered knowledge of Lightning Bolt by Vehumet.
 15941 | D:7      | Learned a level 5 spell: Lightning Bolt
 16373 | Lair:1   | Entered Level 1 of the Lair of Beasts
 16377 | Lair:1   | Reached skill level 10 in Spellcasting
 16575 | Lair:1   | Noticed Erica
 16583 | Lair:1   | Killed Erica
 16584 | Lair:1   | Reached XP level 13. HP: 86/86 MP: 11/27
 16707 | Lair:1   | Reached skill level 18 in Air Magic
 18245 | Lair:2   | Reached skill level 19 in Air Magic
 18358 | Lair:2   | Found a runed translucent door.
 18358 | Lair:2   | Noticed nmsoi's ghost (journeyman DsEE)
 19302 | Lair:3   | Found a staircase to the Snake Pit.
 19343 | Lair:3   | Got the Cyclopedia of Combat Magic
 19552 | Lair:3   | Noticed Nergalle
 19566 | Lair:3   | Killed Nergalle
 19627 | Lair:3   | Offered knowledge of Iron Shot by Vehumet.
 19628 | Lair:3   | Reached skill level 20 in Air Magic
 20307 | Lair:3   | Learned a level 7 spell: Ozocubu's Refrigeration
 20522 | Lair:3   | Reached skill level 1 in Ice Magic
 20605 | Lair:3   | Found a staircase to the Shoals.
 20913 | Lair:3   | Reached XP level 14. HP: 93/93 MP: 15/28
 21265 | Lair:4   | You fall into a shaft and drop 1 floor!
 21265 | Lair:5   | Entered Level 5 of the Lair of Beasts
 21401 | Lair:4   | Noticed Rupert
 21422 | Lair:4   | Killed Rupert
 21423 | Lair:4   | Reached skill level 5 in Ice Magic
 22826 | Lair:5   | Found a runed translucent door.
 22826 | Lair:5   | Noticed an acid blob
 22827 | Lair:5   | Found a staircase to the Slime Pits.
 22827 | Lair:5   | Noticed an acid blob
 23717 | Lair:5   | Offered knowledge of Freezing Cloud by Vehumet.
 24094 | Orc:1    | Entered Level 1 of the Orcish Mines
 24146 | Orc:1    | Noticed Gastronok
 24185 | Orc:1    | Killed Gastronok
 24186 | Orc:1    | Reached skill level 10 in Ice Magic
 24404 | Orc:2    | Entered Level 2 of the Orcish Mines
 24528 | Orc:2    | Found a staircase to the Elven Halls.
 24821 | Orc:1    | Noticed Fannar
 24824 | Orc:1    | Killed Fannar
 25574 | Orc:1    | Learned a level 5 spell: Freezing Cloud
 25600 | Orc:2    | Learned a level 3 spell: Ozocubu's Armour
 25603 | Orc:2    | Learned a level 2 spell: Sublimation of Blood
 25630 | Orc:2    | Found Bublaol's General Store.
 25823 | Orc:2    | Found Ybeugin's General Store.
 25982 | Orc:2    | Bought a scroll of immolation for 56 gold pieces
 26110 | Orc:2    | Offered knowledge of Conjure Ball Lightning by Vehumet.
 26269 | Orc:2    | Reached XP level 15. HP: 66/94 MP: 9/29
 26984 | Orc:2    | Found Naoh's Antique Armour Shop.
 26984 | Orc:2    | Found Oribob's Jewellery Boutique.
 26985 | Orc:2    | Found a one-way gate leading to the halls of Pandemonium.
 26989 | Orc:2    | Bought the ring "Yrumyteff" {Drain rN+++ MP+9 Str+4 Dex+6}
                  | for 1114 gold pieces
 27353 | D:12     | Identified the +8 whip of Fragile Peace {freeze, rPois}
 27448 | D:12     | Noticed Erolcha
 27450 | D:12     | Killed Erolcha
 28339 | D:13     | Found the +2 hood of the Assassin {Detection Stab+ Stlth++}
 28466 | D:13     | Reached skill level 1 in Shields
 28785 | D:14     | Found a gate to the Vaults.
 29290 | D:14     | Reached skill level 5 in Stealth
 29497 | D:14     | Noticed Frances
 29508 | D:14     | Killed Frances
 29849 | D:15     | Entered Level 15 of the Dungeon
 29997 | D:15     | Identified a scroll of acquirement
 29998 | D:15     | Acquired a +6 quick blade
 30073 | D:15     | Offered knowledge of Eringya's Noxious Bog by Vehumet.
 30179 | D:15     | Paralysed by an orc sorcerer for 3 turns
 30394 | D:15     | Found a staircase to the Depths.
 30417 | D:15     | Reached ****** piety under Vehumet
 30418 | D:15     | Reached skill level 5 in Fighting
 30589 | D:15     | Found an iron altar of Okawaru.
 30958 | Snake:1  | Entered Level 1 of the Snake Pit
 31092 | Snake:1  | Reached XP level 16. HP: 109/109 MP: 31/31
 31367 | Snake:1  | Noticed Aizul
 31504 | Snake:1  | Killed Aizul
 31932 | Snake:2  | Found Usecibov's Weapon Boutique.
 32052 | Snake:2  | Found an ancient bone altar of Kikubaaqudgha.
 33741 | Snake:3  | Offered knowledge of Irradiate by Vehumet.
 33994 | Snake:4  | Entered Level 4 of the Snake Pit
 34324 | Snake:4  | Noticed Mlioglotl
 34335 | Snake:4  | Killed Mlioglotl
 34444 | Snake:4  | HP: 5/111 [nagaraja/bolt of poison (45)]
 34444 | Snake:4  | Constricted to death by a nagaraja

Illustrated notes

Levels and vault maps discovered:
D:1:      erik_arrival_blinker_ship, layout_basic
D:2:      cheibrodos_helix_gallery, layout_basic, basic_ecumenical_altar
D:3:      layout_loops_ring, chequers_decorated_corner, minmay_circle_x
D:4:      layout_loops_ring, uniq_crazy_yiuf_cottage, uniq_menkaure
D:5:      layout_basic, nicolae_ossuary_entry_catacombs, uniq_duvessa,
          uniq_prince_ribbit1
D:6:      kennysheep_housing_project, layout_basic, lemuel_temple_firewalk_a,
          uniq_sigmund
D:7:      nzn_winding_woodlands_large [nzn_winding_woodlands_5x5_perimeter,
          nzn_winding_woodlands_5x15_pockets, nzn_winding_woodlands_5x5_three,
          nzn_winding_woodlands_center_garden,
          nzn_winding_woodlands_15x15_five_gardens,
          nzn_winding_woodlands_center_lodge,
          nzn_winding_woodlands_5x5_checkerboard,
          nzn_winding_woodlands_5x15_split_checker,
          nzn_winding_woodlands_5x5_cross], layout_basic,
          grunt_temple_overflow_champion_of_chaos,
          nicolae_yredelemnul_corpse_copse, nicolae_qazlal_general_emergency,
          uniq_pikel
D:8:      layout_rooms, jiyva_altar_1
D:9:      layout_layer_cave, erik_orc_4, grunt_decor_one_mirror,
          serial_bayou_crossing
D:10:     layout_roguey, minmay_misc_feat_tower
D:11:     layout_cave_pools, due_lair_maze_entry_diamond,
          portal_ice_cave_entry_imps, minivault_8
D:12:     layout_rooms, uniq_erolcha
D:13:     layout_loops_ring
D:14:     layout_loops_ring, ximxim_vaults_locker_room, columned_hall_lemuel,
          kennysheep_opposing_triangles, uniq_frances
D:15:     grunt_enter_depths_hoard, layout_long_grid,
          chequers_serial_rivers_marsh, roderic_roman_lattice,
          okawaru_altar_gauntlet_db
Temple:   compressed_dpeg_circular_temple
Lair:1:   layout_cave_pods, grunt_megastairs_4, lemuel_fruit_fields,
          lemuel_fruit_fields, lemuel_fruit_tree, uniq_erica
Lair:2:   minmay_lair_venomous_thicket, layout_cave_shapes,
          hellmonk_ghost_happy_afterlife
Lair:3:   layout_regular_city, minmay_shoals_entry_beasts, dummy_snake_entry,
          serial_forest, infiniplex_forest_clump_curved,
          infiniplex_forest_end_3, infiniplex_forest_straight_2,
          infiniplex_forest_end_1, infiniplex_forest_clump_double, uniq_nergalle
Lair:4:   layout_regular_city, uniq_rupert
Lair:5:   minmay_lair_end_enchanted_forest, layout_cave_pods, slime_entry_2,
          serial_bayou_shore_b
Snake:1:  layout_basic, serial_bayou_shore_b, uniq_aizul
Snake:2:  layout_basic, basic_altar, serial_shops, nicolae_shop_crystal,
          grunt_megastairs_3
Snake:3:  layout_grid_maze
Snake:4:  grunt_snake_rune_serpentine_throne, layout_cave_town, serial_shops,
          statue_bzr, nicolae_snake_guarding_the_ruins, uniq_vashnia,
          uniq_mlioglotl, uniq_kirke
Orc:1:    layout_caves, uniq_fannar, uniq_gastronok
Orc:2:    pf_orc_diabolical, layout_diamond_mine, basic_altar

Skill      XL: |  1  2  3  4  5  6  7  8  9 10 11 12 13 14 15 16 |
---------------+-------------------------------------------------+-----
Air Magic      | 4 5 9 12 15 17 20 | 20.3
Short Blades   | 2 4 5 7 |  7.8
Spellcasting   | 3 10 11 | 11.7
Fighting       | 2 3 5 |  5.9
Armour         | 2 |  2.0
Dodging        | 5 |  5.0
Ice Magic      | 3 12 14 | 14.6
Shields        | 4 |  4.0
Stealth        | 8 9 |  9.0
Conjurations   | |  0.6

Action                   |  1- 3 |  4- 6 |  7- 9 | 10-12 | 13-15 | 16-18 || total
-------------------------+-------+-------+-------+-------+-------+-------++-------
Melee: Dagger            |    17 |     3 |       |       |       |       ||    20
       Bite              |     2 |     2 |    23 |    20 |    35 |     2 ||    84
       Short sword       |       |    28 |   197 |   178 |   195 |     7 ||   605
       Punch             |       |     1 |     3 |       |     1 |       ||     5
       Rapier            |       |       |     8 |       |       |       ||     8
Throw: Dart              |       |       |       |     1 |     2 |       ||     3
 Cast: Shock             |    31 |     4 |    18 |    54 |    25 |       ||   132
       Static Discharge  |    19 |    19 |    85 |   146 |   156 |     9 ||   434
       Airstrike         |       |       |     8 |   138 |   178 |    32 ||   356
       Swiftness         |       |       |       |     3 |       |       ||     3
       Lightning Bolt    |       |       |       |       |   120 |     9 ||   129
       Ozocubu's Refrige |       |       |       |       |    58 |    82 ||   140
       Freezing Cloud    |       |       |       |       |    34 |     4 ||    38
Evoke: Wand              |       |       |       |    17 |     9 |       ||    26
       Phial of floods   |       |       |       |     2 |     1 |       ||     3
       Lightning rod     |       |       |       |       |     7 |       ||     7
  Use: Scroll            |     3 |       |     8 |    15 |    18 |     1 ||    45
       Potion            |       |       |     2 |     7 |     2 |     3 ||    14
 Stab: Sleeping          |     2 |     4 |    10 |     2 |       |       ||    18
       Distracted        |       |       |       |     1 |       |       ||     1
       Paralysed         |       |       |       |     4 |       |       ||     4
Armor: Robe              |     6 |    11 |    87 |    94 |    97 |     7 ||   302
Dodge: Dodged            |    32 |    23 |   200 |   258 |   325 |    14 ||   852
Block: Buckler           |       |       |       |       |    27 |    17 ||    44
